Map: Sludge City

Players

Grumm - Winner!

  • Race: Protoss Protoss
  • League: Gold
  • Spawn Location: 5:00

Bananarama - Winner!

  • Race: Terran Terran
  • Spawn Location: 5:00

adzy

  • Race: Terran Terran
  • League: Gold
  • Spawn Location: 11:00

Sosar

  • Race: Terran Terran
  • Spawn Location: 9:00

VOD

Have the link to the VOD?

Description

Time

  • Played on: Jan. 23, 2016, 11:09 p.m.
  • Length: 14:10
Show
View Real Time Build Order
Export as new Build Order

Grumm Protoss - Winner!

Build Orders: Double Forge 

Get SALT Encoding   

  12  0:01  Probe (Chrono Boost)  
  13  0:11  Probe (Chrono Boost)  
  14  0:25  Pylon, Probe (Chrono Boost)  
  15  0:49  Gateway  
  15  0:50  Gateway  
  15  0:53  Probe (Chrono Boost)  
  16  1:08  Forge  
  16  1:11  Assimilator, Probe (Chrono Boost)  
  17  1:23  Probe (Chrono Boost)  
  18  1:33  Probe (Chrono Boost)  
  19  1:50  Probe (Chrono Boost)  
  19  1:51  Nexus  
  20  2:03  Probe (Chrono Boost)  
  21  2:17  Pylon  
  21  2:19  Probe (Chrono Boost)  
  22  2:29  Pylon  
  22  2:31  Pylon  
  21  2:38  Probe (Chrono Boost)  
  21  2:41  Pylon  
  22  2:46  Cybernetics Core  
  22  2:47  Zealot x2  
  22  2:48  Probe (Chrono Boost)  
  27  2:53  Assimilator  
  27  3:01  Pylon  
  27  3:05  Probe (Chrono Boost)  
  28  3:09  Assimilator  
  28  3:19  Protoss Ground Weapons Level 1  
  28  3:23  Twilight Council  
  28  3:28  Adept  
  28  3:31  Adept  
  32  3:36  Probe (Chrono Boost)  
  33  3:49  Gateway  
  33  3:50  Mothership Core (Chrono Boost)  
  33  3:53  Pylon  
  35  3:59  Pylon  
  35  4:05  Adept x2  
  35  4:09  Probe x2 (Chrono Boost)  
  41  4:19  Forge  
  41  4:23  Gateway  
  41  4:25  Probe (Chrono Boost)  
  41  4:26  Probe (Chrono Boost)  
  43  4:31  Resonating Glaives  
  43  4:35  Probe (Chrono Boost)  
  43  4:36  Probe (Chrono Boost)  
  43  4:38  Stalker  
  47  4:39  Adept  
  49  4:47  Warp Gate (Chrono Boost)  
  49  4:50  Probe  
  49  4:51  Probe  
  51  4:55  Protoss Ground Armor Level 1  
  51  5:03  Probe x2  
  51  5:05  Photon Cannon  
  53  5:09  Pylon  
  53  5:14  Assimilator  
  53  5:15  Probe  
  53  5:20  Probe  
  53  5:21  Photon Cannon  
  55  5:26  Protoss Ground Weapons Level 2 (Chrono Boost)  
  55  5:27  Probe  
  56  5:32  Probe  
  56  5:35  Pylon  
  57  5:38  Stalker  
  57  5:39  Probe  
  57  5:41  Stalker  
  62  5:45  Stalker  
  62  5:48  Adept  
  66  5:52  Probe x2  
  68  6:11  Charge  
  68  6:18  Nexus  
  68  6:20  Pylon  
  68  6:41  Probe x2  
  70  6:48  Photon Cannon  
  70  6:49  Protoss Shields Level 1 (Chrono Boost)  
  70  6:55  Pylon  
  70  6:59  Dark Shrine  
  70  7:01  Pylon  
  70  7:04  Gateway  
  70  7:14  Photon Cannon  
  70  7:16  Pylon  
  70  7:18  Probe x2  
  72  7:30  Probe x2  
  74  7:39  Photon Cannon  
  74  7:42  Photon Cannon  
  74  7:43  Photon Cannon  
  74  7:47  Assimilator  
  60  8:38  Probe x2  
  60  8:40  Stalker x4  
  66  8:43  Gateway  
  66  8:46  Gateway  
  64  8:48  Photon Cannon  
  64  8:50  Photon Cannon  
  62  8:56  Protoss Ground Armor Level 2 (Chrono Boost)  
  62  8:57  Protoss Ground Weapons Level 3 (Chrono Boost)  
  62  9:07  Dark Templar x5  
  72  9:27  Gateway  
  72  9:28  Gateway  
  72  9:30  Photon Cannon  
  72  9:31  Gateway  
  72  9:32  Pylon  
  72  9:33  Photon Cannon  
  72  9:34  Photon Cannon  
  72  9:36  Photon Cannon  
  56  9:45  Dark Templar x6  
  54  10:05  Probe x2  
  51  10:10  Pylon  
  51  10:18  Zealot x5  
  51  10:19  Mothership Core  
  63  10:29  Assimilator  
  63  10:33  Gateway  
  63  10:34  Gateway, Photon Cannon  
  63  10:42  Zealot  
  63  10:43  Zealot x4  
  53  11:04  Gateway  
  53  11:05  Zealot  
  53  11:06  Zealot  
  53  11:07  Dark Templar x3  
  53  11:11  Archon  
  63  11:27  Dark Templar x3  
  63  11:29  Stalker x2  
  73  11:32  Archon  
  73  11:39  Archon  
  73  11:42  Zealot  
  73  11:43  Zealot x2  
  79  12:03  Nexus  
  79  12:06  Pylon  
  79  12:12  Dark Templar  
  79  12:13  Dark Templar x5  
  91  12:17  Archon x3  
  91  12:28  Pylon  
  91  12:43  Zealot x2  
  91  12:44  Zealot x3  
  101  12:52  Adept x2  
  101  12:53  Adept  
  91  14:01  Zealot x2  
  91  14:02  Zealot x6  
  101  14:03  Zealot x3  
Show
View Real Time Build Order
Export as new Build Order

Bananarama Terran - Winner!

Build Orders: MMM Bio 

Get SALT Encoding   

  12  0:02  SCV  
  13  0:14  SCV  
  13  0:17  Supply Depot  
  14  0:28  SCV  
  15  0:40  SCV  
  16  0:45  Barracks  
  16  0:52  SCV  
  18  1:04  SCV  
  18  1:16  SCV  
  19  1:25  Command Center  
  19  1:28  SCV  
  20  1:34  Barracks  
  20  1:39  Refinery  
  20  1:40  SCV  
  21  1:58  Barracks  
  21  2:00  Orbital Command  
  21  2:15  Barracks Tech Lab  
  21  2:18  Refinery  
  21  2:26  SCV  
  22  2:33  Barracks Reactor  
  22  2:40  Orbital Command  
  22  2:41  Refinery  
  22  2:42  Marauder  
  24  2:45  SCV  
  24  2:46  Marine  
  26  2:54  Supply Depot  
  26  2:57  SCV  
  27  3:07  Factory  
  27  3:09  Marine  
  27  3:10  Marine  
  27  3:11  Marine, SCV  
  31  3:12  Marine  
  32  3:24  SCV x2  
  34  3:27  Marine  
  34  3:28  Marine  
  34  3:30  Supply Depot  
  36  3:36  Marauder, SCV  
  36  3:37  Marine  
  40  3:42  Combat Shields  
  40  3:46  SCV  
  41  3:48  SCV  
  41  3:50  Marine  
  41  3:54  Widow Mine  
  45  4:00  Starport  
  45  4:05  Supply Depot, SCV x2  
  47  4:13  Marine  
  47  4:14  Marauder  
  50  4:17  SCV x2  
  50  4:19  Refinery  
  52  4:28  Widow Mine  
  52  4:29  Marine x2  
  56  4:36  Supply Depot, SCV x2  
  58  4:41  Engineering Bay  
  58  4:43  Starport Reactor  
  58  4:48  SCV, Barracks  
  58  4:50  Marauder, Marine  
  62  4:57  Marine x2, SCV  
  65  5:11  Marauder, Marine  
  65  5:14  Stimpack, SCV  
  68  5:15  SCV  
  68  5:17  Command Center  
  68  5:18  Supply Depot  
  68  5:19  Terran Infantry Weapons Level 1  
  70  5:27  Missile Turret  
  70  5:37  Barracks Tech Lab  
  70  5:39  Supply Depot, Marine x2  
  70  5:40  SCV x2  
  74  5:45  Barracks  
  74  5:47  Marauder, Barracks Tech Lab  
  74  5:48  Missile Turret  
  76  5:52  SCV x2  
  78  6:00  Medivac x2, Supply Depot, Marine  
  78  6:03  Concussive Shells  
  83  6:04  Supply Depot  
  83  6:08  Engineering Bay  
  83  6:12  Armory  
  83  6:13  SCV  
  83  6:14  SCV  
  85  6:30  Missile Turret, Planetary Fortress  
  85  6:32  Marine  
  86  6:33  Marine  
  86  6:37  Supply Depot  
  87  6:44  Viking  
  89  6:50  Viking, Refinery  
  89  6:51  SCV  
  92  6:57  Marauder x2  
  92  6:58  SCV  
  97  7:03  SCV  
  98  7:11  Command Center  
  98  7:12  Widow Mine  
  100  7:20  Supply Depot  
  100  7:21  Medivac x2  
  104  7:26  Marauder, Marine x2  
  104  7:27  Marauder, Marine x2  
  112  7:31  Supply Depot  
  112  7:33  Supply Depot  
  112  7:35  Terran Infantry Weapons Level 2  
  110  7:38  Terran Infantry Armor Level 1  
  110  7:41  Widow Mine  
  112  7:49  Marauder x2, Marine x3  
  119  8:00  Marauder  
  121  8:07  Marine  
  121  8:12  Marauder, Marine x3  
  127  8:21  Barracks  
  127  8:24  Barracks  
  127  8:25  Starport  
  127  8:30  Marine  
  127  8:31  Marauder, Marine x2  
  132  8:37  Marine  
  132  8:38  Medivac, Marauder, Viking  
  139  9:00  Marine  
  139  9:01  Marauder x2  
  139  9:02  Marauder  
  146  9:06  Starport Tech Lab  
  146  9:08  Medivac, Viking, Barracks Tech Lab  
  146  9:09  SCV  
  152  9:10  SCV  
  152  9:13  Orbital Command  
  152  9:16  Refinery  
  152  9:26  Marauder x3, Marine  
  152  9:27  Barracks Tech Lab  
  152  9:30  Marauder, Marine x2  
  163  9:38  Medivac, Viking  
  105  9:48  Marauder x2, Marine x2  
  105  9:49  Marauder x2  
  105  9:51  Marauder  
  103  9:54  Marine  
  104  10:06  Marine x2  
  103  10:09  Marauder  
  103  10:10  Marauder x2  
  103  10:11  Marauder  
  103  10:12  Marauder, Marine  
  116  10:22  Factory Tech Lab  
  116  10:23  Marine  
  109  10:31  Marauder x2  
  109  10:34  Marauder x2, Marine  
  89  10:52  Marauder x2  
  89  10:55  Marauder x2, Marine x4  
  89  10:56  Siege Tank  
  104  11:09  Medivac x2  
  104  11:10  Viking  
  110  11:13  Marauder, Marine  
  113  11:28  Siege Tank  
  113  11:31  Command Center  
  113  11:32  Terran Infantry Weapons Level 3, Terran Infantry Armor Level 2  
  116  11:35  Marauder x3, Marine x5  
  127  11:49  SCV  
  127  11:50  SCV  
  129  11:58  Medivac, Viking x2  
  135  12:01  Marauder, Marine  
  135  12:08  Marauder, Marine  
  128  12:23  Marauder x2, Marine  
  133  12:36  Medivac  
  133  12:39  Marine x2  
  122  12:45  Marine  
  122  12:46  Marauder  
  123  13:04  Command Center  
  114  13:21  Marine  
  114  13:22  Marauder  
  110  13:30  Marauder  
Show
View Real Time Build Order
Export as new Build Order

adzy Terran 

Build Orders: Command Center First (CC), MMM Bio 

Get SALT Encoding   

  12  0:01  SCV  
  13  0:13  SCV  
  14  0:25  SCV  
  14  0:27  Supply Depot  
  15  0:49  SCV  
  16  1:03  Command Center  
  16  1:08  SCV  
  17  1:19  Barracks  
  17  1:20  SCV  
  18  1:32  Barracks  
  18  1:34  SCV  
  19  1:47  SCV  
  20  1:59  SCV, Barracks  
  21  2:14  SCV x2  
  23  2:16  Marine  
  24  2:26  SCV  
  24  2:27  Supply Depot, SCV  
  26  2:31  Supply Depot, Marine  
  26  2:34  Marine  
  28  2:38  SCV  
  29  2:46  SCV  
  29  2:48  Marine  
  29  2:49  Marine  
  29  2:50  SCV  
  33  2:57  Refinery  
  33  2:58  SCV  
  33  3:02  SCV  
  35  3:13  Marine x3  
  38  3:22  Orbital Command  
  38  3:24  Engineering Bay  
  39  3:28  Orbital Command  
  39  3:31  Marine x2  
  39  3:34  Supply Depot  
  40  3:37  Supply Depot  
  40  3:39  Marine  
  41  3:49  Marine x2  
  41  3:53  Missile Turret  
  41  3:54  Missile Turret  
  44  4:05  Barracks Tech Lab  
  43  4:14  SCV x2  
  43  4:15  Refinery  
  45  4:19  Refinery  
  45  4:26  SCV  
  45  4:27  SCV  
  45  4:30  Marine x3  
  50  4:32  Missile Turret  
  50  4:38  SCV  
  50  4:39  SCV  
  50  4:40  Combat Shields  
  52  4:47  Supply Depot x2, Marine  
  52  4:48  Marine x2  
  52  4:49  Supply Depot  
  52  4:51  SCV x2  
  57  4:53  Barracks  
  57  5:00  Refinery  
  57  5:03  SCV x2  
  59  5:13  Factory  
  59  5:15  SCV  
  59  5:18  Marine x2  
  59  5:19  Marine  
  63  5:27  Missile Turret  
  63  5:35  Missile Turret  
  63  5:36  Marine x3  
  63  5:41  Marine  
  67  5:47  Terran Infantry Armor Level 1  
  67  5:54  Marine x3  
  67  5:56  Barracks  
  70  5:57  Barracks  
  70  5:59  Stimpack, Marine  
  70  6:00  Barracks  
  70  6:01  Factory Tech Lab  
  71  6:05  Starport, Command Center  
  71  6:12  Marine x3  
  71  6:16  Marine  
  75  6:30  Marine x3  
  75  6:32  Armory  
  78  6:34  Marine  
  78  6:36  Missile Turret  
  78  6:37  Armory  
  79  6:44  Siege Tank  
  79  6:46  Missile Turret  
  82  6:47  Marine, Barracks Reactor  
  82  6:48  Marine x2, Barracks Reactor  
  82  6:51  Barracks Reactor  
  82  6:52  Marine  
  86  6:55  Medivac  
  86  6:59  Missile Turret  
  88  7:25  Starport  
  88  7:30  Supply Depot  
  88  7:32  Supply Depot  
  88  7:36  Engineering Bay  
  88  7:41  Terran Vehicle And Ship Armor Level 1, Terran Vehicle Weapons Level 1, Terran Infantry Weapons Level 1  
  88  7:42  Marine x2  
  88  7:43  Marine x8  
  98  7:55  Starport Tech Lab  
  98  8:00  Marine x4  
  98  8:01  Marine x4  
  83  8:35  SCV x2  
  83  8:40  Marine x4  
  83  8:41  Marine x6  
  89  8:47  SCV  
  95  8:58  Marine x4  
  95  8:59  Marine x2  
  101  9:11  Marine x4  
  101  9:16  Marine x5  
  110  9:19  Terran Infantry Armor Level 2  
  110  9:32  Marine  
  110  9:33  Marine  
  66  10:04  Marine x7  
  66  10:05  Marine x3  
  74  10:07  Medivac  
  76  10:21  Marine  
  76  10:22  Marine x5  
  74  10:37  Medivac  
  74  10:41  Marine x2  
  74  10:42  Marine x7  
  77  10:43  Marine  
  74  10:59  Marine x4  
  74  11:00  Marine x2  
  76  11:07  Medivac  
  78  11:15  Command Center  
  77  11:27  Orbital Command, Marine x3  
  77  11:28  Marine x3  
  77  11:29  Marine  
  84  11:38  Marine x3  
  87  11:50  Marine x3  
  87  11:51  Marine x3  
  86  12:26  Marine x6  
  86  12:27  Marine x2  
  59  12:46  Marine x2  
  59  12:47  Marine x5  
  59  12:48  Marine  
Show
View Real Time Build Order
Export as new Build Order

Sosar Terran 

Build Orders: Bio Tank 

Get SALT Encoding   

  12  0:01  SCV  
  13  0:13  SCV  
  14  0:25  Supply Depot  
  14  0:26  SCV  
  15  0:46  SCV  
  15  0:48  Barracks  
  16  0:58  SCV  
  17  1:11  SCV  
  18  1:15  Command Center  
  18  1:23  SCV  
  19  1:36  Barracks  
  19  1:40  Orbital Command  
  19  1:54  Barracks  
  19  2:12  Refinery x2  
  19  2:22  Engineering Bay  
  19  2:25  Marine x2  
  21  2:30  Supply Depot  
  21  2:43  Marine x3  
  24  2:54  Orbital Command  
  24  3:04  Barracks  
  24  3:24  Command Center  
  24  3:30  Barracks Tech Lab  
  24  3:31  Barracks Tech Lab  
  24  3:45  Barracks Reactor  
  24  3:47  Missile Turret  
  24  3:53  Factory  
  24  3:56  Barracks Reactor  
  24  3:59  SCV  
  24  4:01  SCV  
  26  4:13  Combat Shields, SCV  
  27  4:20  Stimpack  
  27  4:23  Marine  
  28  4:25  Marine, SCV  
  28  4:28  Marine  
  31  4:36  Orbital Command  
  31  4:40  SCV  
  32  4:50  Factory Tech Lab  
  33  4:52  SCV  
  33  4:54  Starport  
  33  5:01  Factory  
  33  5:05  Marine x2  
  35  5:07  Marine  
  35  5:09  Marine  
  35  5:11  SCV  
  38  5:20  SCV  
  39  5:24  SCV  
  39  5:27  Refinery  
  40  5:28  Refinery  
  40  5:30  Starport Reactor  
  40  5:32  SCV  
  40  5:34  Factory  
  41  5:37  SCV  
  41  5:42  SCV  
  43  5:44  SCV  
  43  5:45  Siege Tank  
  43  5:48  Factory Tech Lab  
  43  5:49  SCV  
  48  5:52  Barracks  
  48  5:54  Concussive Shells  
  48  5:56  SCV  
  51  5:57  Marauder  
  51  6:00  SCV  
  52  6:08  SCV  
  53  6:12  SCV  
  53  6:13  Refinery  
  53  6:14  Refinery  
  53  6:16  Medivac  
  56  6:20  Medivac, SCV  
  56  6:21  Marine  
  56  6:22  Marine  
  61  6:29  Supply Depot  
  61  6:33  Supply Depot  
  61  6:45  Factory Tech Lab  
  61  6:50  Barracks Tech Lab, Marine x2  
  61  6:51  Medivac x2, SCV x2  
  61  6:52  Barracks  
  69  6:54  Marine  
  69  6:58  Supply Depot  
  70  7:02  Marauder  
  70  7:03  SCV x2  
  77  7:08  Siege Tank  
  77  7:20  SCV, Siege Tank  
  77  7:21  Siege Tank  
  84  7:30  Engineering Bay  
  84  7:32  SCV  
  84  7:34  Terran Infantry Weapons Level 1  
  85  7:43  Supply Depot  
  85  7:44  Supply Depot  
  85  7:55  Supply Depot  
  85  7:59  Supply Depot  
  85  8:04  Marauder, Siege Tank, SCV  
  91  8:31  Siege Tank x2  
  91  8:33  Barracks Tech Lab  
  97  8:36  Siege Tank  
  97  8:38  Barracks x2  
  92  8:49  Supply Depot  
  92  8:50  Supply Depot  
  91  9:03  Terran Infantry Armor Level 1  
  91  9:05  Armory  
  91  9:07  Armory  
  91  9:16  Siege Tank x3  
  85  10:07  Barracks Tech Lab  
  85  10:08  Barracks Tech Lab  
  85  10:12  Barracks  
  85  10:13  Marauder x3, Marine  
  85  10:14  Marauder, Marine x2, Barracks  
  92  10:34  Marauder  
  92  10:35  Marauder x3  
  91  10:46  Marine  
  91  10:47  Marine x5  
  95  10:56  Marauder x2, Marine x2  
  84  11:04  Marine x2  
  86  11:13  Barracks Tech Lab  
  86  11:14  Barracks Tech Lab  
  86  11:17  Starport  
  86  11:18  Starport  
  86  11:29  SCV  
  86  11:32  SCV  
  88  11:41  SCV  
  83  11:53  SCV  
  82  11:57  Command Center  
  82  12:01  Missile Turret  
  82  12:05  SCV, Siege Tank  
  82  12:06  Siege Tank  
  82  12:08  Siege Tank  
  91  12:17  Marauder x3  
  91  12:20  Starport Tech Lab  
  91  12:21  Starport Tech Lab  
  97  12:38  Missile Turret  
  97  12:45  Raven  
  97  12:46  Raven  
  101  12:57  Starport  
  58  13:13  Marine x12  
  68  13:21  Planetary Fortress  
Tags
 
Add a new tag
Caveats
  • Supply blocks, unpowered buildings, or Contaminate may cause inaccurate times.
  • Supply counts are checked every 10 seconds.